 Dungeon Crawl Stone Soup version 0.31-a0-202-g547052bce9 (webtiles) character file.

Game seed: 6138627546565294197

180 Dordric the Ruffian (level 5, 0/46 HPs)
             Began as a Ghoul Monk on June 27, 2023.
             Slain by a gnoll
             ... wielding a +0 flail
              (1 damage)
             ... on level 3 of the Dungeon.
             The game lasted 00:01:47 (1975 turns).

Dordric the Ruffian (Ghoul Monk)                    Turns: 1975, Time: 00:01:48

Health: 0/46       AC:  9    Str: 17    XL:     5   Next: 60%
Magic:  4/4        EV:  8    Int:  5    God:
Gold:   116        SH:  0    Dex: 11    Spells: 4/4 levels left

rFire   . . .        p - +1 dagger (venom)
rCold   + . .        c - orb {light}
rNeg    + + +        h - +0 chain mail
rPois   ∞            o - +0 helmet
rElec   .            (no cloak)
rCorr   .            (no gloves)
SInv    .            (no boots)
Will    .....        (no amulet) Stlth
                     (no ring)
HPRegen 0.00/turn    (no ring)
MPRegen 0.09/turn

%: no passive effects
@: inhibited regen, glowing
A: claws 1, cold resistance 1, negative energy resistance 3, inhibited
regeneration, torment resistance 2, devour on kill
a: no special abilities


You were on level 3 of the Dungeon.
You visited 1 branch of the dungeon, and saw 3 of its levels.

You collected 116 gold pieces.

Inventory:

Hand Weapons
 n - a +2 dagger of speed
 p - a +1 dagger of venom (weapon)
Armour
 a - a +0 robe
 c - an orb of light (worn)
 g - a +0 scale mail
 h - a +0 chain mail (worn)
 o - a +0 helmet (worn)
Scrolls
 f - 3 scrolls of identify {unknown}
 i - a scroll of butterflies {unknown}
 k - a scroll of enchant armour {unknown}
 m - a scroll of revelation {unknown}
 q - a scroll of poison {unknown}
 r - a scroll of brand weapon {unknown}
Potions
 b - a potion of ambrosia
 d - a potion of might {unknown}
 e - a potion of curing {unknown}
 j - a potion of lignification {unknown}
 l - a potion of cancellation {unknown}
 s - a potion of mutation {unknown}


   Skills:
 + Level 4.0 Fighting
 - Level 2.6 Dodging
 + Level 6.3 Unarmed Combat


You had 4 spell levels left.
You didn't know any spells.
Your spell library contained the following spells:

 Spells                   Type           Power      Damage    Failure   Level
 Shock                    Conj/Air       0%         1d3       100%        1
 Inner Flame              Hex/Fire       0%         N/A       100%        3
 Swiftness                Air            0%         N/A       100%        3
 Airstrike                Air            0%         2d(0-16)  100%        4
 Yara's Violent Unravell  Hex/Tmut       0%         3d3       100%        5
 Enfeeble                 Hex            0%         N/A       100%        7


Dungeon Overview and Level Annotations

Branches:
Dungeon (3/15)

Altars:
Yredelemnul


Innate Abilities, Weirdness & Mutations

You are immune to poison.
You have sharp fingernails.
Your flesh is cold resistant. (rC+)
You are immune to negative energy. (rN+++)
You do not regenerate when monsters are visible.
You are immune to unholy pain and torment.
You thrive by killing the living.


Message History

The gnoll barely misses you. The gnoll closely misses you.
You hit the gnoll.
The gnoll looks as sick as possible!
The gnoll is heavily wounded.
The gnoll hits you with a +0 flail. The gnoll hits you with a +0 club!
You are too injured to fight recklessly!
You are too injured to fight recklessly!
You are too injured to fight recklessly!
You are too injured to fight recklessly!
You are too injured to fight recklessly!
You are too injured to fight recklessly!
You are too injured to fight recklessly!
You are too injured to fight recklessly!
You are too injured to fight recklessly!
You are too injured to fight recklessly!
You are too injured to fight recklessly!
You are too injured to fight recklessly!
You are too injured to fight recklessly!
You are too injured to fight recklessly!
You are too injured to fight recklessly!
You kill the gnoll!
The gnoll closely misses you.
Your Fighting skill increases to level 4!
The gnoll attacks as you move away! The gnoll hits you with a +0 flail.
The gnoll attacks as you move away! The gnoll hits you with a +0 flail.
* * * LOW HITPOINT WARNING * * *
There is an open door here.
The gnoll attacks as you move away! The gnoll hits you with a +0 flail!
* * * LOW HITPOINT WARNING * * *
You hit the gnoll.
The gnoll is poisoned.
The gnoll is lightly wounded.
The gnoll barely misses you.
You barely miss the gnoll.
The gnoll is heavily wounded.
The gnoll hits you with a +0 flail.
* * * LOW HITPOINT WARNING * * *
You hit the gnoll.
The gnoll is heavily wounded.
The gnoll hits you but does no damage. The gnoll attacks as you move away!
The gnoll hits you with a +0 flail.
You die...

#.....# #.#.#
### #.....#
#.#.#
#.....#####.#.#
#.....+.......#
#.....#####.###
#.....# #.#
###'### #.# #.#
#.# #@# #.# #g#
#.#
####'#######.#
#............#
#............
#..)...>.....
####)#######.
... .....


You could see a gnoll (very poisoned).

Vanquished Creatures
  Natasha (thrice) (D:2)
  Robin (D:2)
  2 gnolls (D:3)
  3 adders
  4 dart slugs
  4 ball pythons
  5 endoplasms
  A giant cockroach (D:2)
  5 goblins (D:2)
  2 hobgoblins (D:2)
  8 jackals
  3 kobolds
  3 rats
44 creatures vanquished.

Notes
Turn   | Place    | Note
-------+----------+-------------------------------------------
     0 | D:1      | Dordric the Ghoul Monk began the quest for the Orb.
     0 | D:1      | Reached XP level 1. HP: 19/19 MP: 0/0
   209 | D:1      | Reached XP level 2. HP: 23/26 MP: 1/1
   218 | D:1      | Reached skill level 4 in Unarmed Combat
   718 | D:2      | Noticed Natasha
   721 | D:2      | Killed Natasha
   722 | D:2      | Reached XP level 3. HP: 27/31 MP: 2/2
   853 | D:2      | Reached skill level 5 in Unarmed Combat
   873 | D:2      | Noticed Natasha
   881 | D:2      | Killed Natasha
   882 | D:2      | Reached XP level 4. HP: 30/38 MP: 3/3
   903 | D:2      | Noticed Natasha
   910 | D:2      | Killed Natasha
  1251 | D:2      | Reached XP level 5. HP: 45/45 MP: 4/4
  1254 | D:2      | Noticed Robin
  1261 | D:2      | Reached skill level 6 in Unarmed Combat
  1289 | D:2      | Killed Robin
  1893 | D:3      | Found a basalt altar of Yredelemnul.
  1973 | D:3      | HP: 1/46 [gnoll/+0 flail (5)]
  1975 | D:3      | Slain by a gnoll

Illustrated notes

Levels and vault maps discovered:
D:1:      pf_arrival_petrified_forest, layout_loops_ring
D:2:      layout_loops_cross, chequers_serial_rivers_room_a,
          minmay_misc_feat_chi, uniq_natasha, uniq_robin
D:3:      layout_basic, mainiacjoe_overflow_catwalk,
          dreamdust_ecumenical_altar_sealed_demon

Skill      XL: |  1  2  3  4  5 |
---------------+----------------+-----
Unarmed Combat | 4 5 6 |  6.3
Fighting       | 4 |  4.0
Dodging        | |  2.6

Action                     |  1- 3 |  4- 6 || total
---------------------------+-------+-------++-------
  Melee: Unarmed           |    44 |    55 ||    99
         Dagger            |       |    40 ||    40
 Armour: Robe              |     5 |       ||     5
         Chain mail        |     1 |    49 ||    50
         Scale mail        |     1 |       ||     1
  Dodge: Dodged            |    17 |    46 ||    63

Table legend: (Time is in decaauts)
 A = Elapsed time spent in this place.
 B = Non-inter-level travel time spent in this place.
 C = Inter-level travel time spent in this place.
 D = Time resting spent in this place.
 E = Time spent auto-exploring this place.
 F = Levels seen in this place.
 G = Mean time per level.
                   A        B        C        D        E       F      G
               +--------+--------+--------+--------+--------+-----+--------+
         Total |   1980 |   1886 |     94 |      0 |   1579 |   3 |  660.0 |
       Dungeon |   1980 |   1886 |     94 |      0 |   1579 |   3 |  660.0 |
               +--------+--------+--------+--------+--------+-----+--------+

Top non-repeatable levels by time:
     D:2: 949 daAuts
     D:1: 702 daAuts
     D:3: 328 daAuts
